[Event "Early-Titled-Tuesday-Blitz-April-16-2024"]
[Site "Chess.com"]
[Date "2024.04.16"]
[Round "8"]
[White "shimastream"]
[Black "Abund"]
[Result "1-0"]
[WhiteElo "3032"]
[BlackElo "2810"]
[TimeControl "180+1"]
[EndTime "9:30:56 PDT"]
[Termination "shimastream won on time"]

1. e4 c6 2. d4 d5 3. Nc3 dxe4 4. Nxe4 Nf6 5. Bd3 Qxd4 6. Nf3 Qd8 7. Qe2 Nxe4 8.
Bxe4 Nd7 9. Bd2 Nf6 10. O-O-O Nxe4 11. Qxe4 Qd5 12. Qf4 Qxa2 13. Bc3 Be6 14. b3 Bd5 15. Ng5 f6 16. Rxd5 cxd5 17. Ne6 Rc8 18. Qb4 Qa6 19. Re1 Kf7 20. Kb2 Qc6 21. Re3 b6 22. Qf4 Kg8 23. g4 Qd6 24. Qf3 g6 25. h4 Bg7 26. g5 Kf7 27. h5 Rhe8 28. Qh3 Rxc3 29. Kxc3 f5+ 30.
Kd2 Qb4+ 31. Ke2 Rc8 32. hxg6+ hxg6 33. c4 dxc4 34. Qh7 Rg8 35. Qh1 cxb3 36. Qd5 Qd6 37. Qxb3 1-0

[Event "Early-Titled-Tuesday-Blitz-April-16-2024"]
[Site "Chess.com"]
[Date "2024.04.16"]
[Round "8"]
[White "Revan_2002"]
[Black "TenisMaster"]
[Result "0-1"]
[WhiteElo "2722"]
[BlackElo "2925"]
[TimeControl "180+1"]
[EndTime "9:30:56 PDT"]
[Termination "TenisMaster won on time"]

1. d4 Nf6 2. c4 e6 3. Nf3 d5 4. Nc3 c6 5. e3 Nbd7 6. Qc2 Bd6 7.
b3 O-O 8. Be2 b6 9. O-O Bb7 10.
Bb2 Rc8 11. Rad1 c5 12. cxd5 cxd4 13. Rxd4 Nxd5 14. Rc4 Rxc4 15. Bxc4 Nb4 16. Qe2 Ne5 17. Nxe5 Bxe5 18. Rd1 Qf6 19. Qd2 Nxa2 20. Ne4 Bxe4 21. Bxe5 Qxe5 22. Qxa2 Qg5 23. f4 Qc5 24. Qd2 b5 25.
Bf1 a6 26. b4 Qf5 27. Qd4 Bd5 28. Re1 Qc2 29. e4 Bb7 30. e5 g6 31. Qe3 Qb2 32. h4 Qxb4 33. h5 Rc8 34. h6 Qc5 35.
Qxc5 Rxc5 36. Rd1 Bd5 37. Ra1 Rc6 38. Bxb5 Rc2 39. Bf1 Bb7 40. Rb1 Rc7 0-1

[Event "Early-Titled-Tuesday-Blitz-April-16-2024"]
[Site "Chess.com"]
[Date "2024.04.16"]
[Round "8"]
[White "Trendle"]
[Black "GlavkonVVS"]
[Result "1-0"]
[WhiteElo "2620"]
[BlackElo "2578"]
[TimeControl "180+1"]
[EndTime "9:30:59 PDT"]
[Termination "Trendle won by resignation"]

1. d4 Nf6 2. c4 c5 3. Nf3 cxd4 4.
Nxd4 Nc6 5. Nc3 d6 6. g3 Bd7 7.
Bg2 e6 8. O-O a6 9. b3 Rc8 10.
Bb2 Be7 11. Nxc6 Bxc6 12. e4 h5 13. h3 Qa5 14. Re1 b5 15. Nd5 exd5 16. exd5 Bd7 17.
Qe2 Qd8 18. Qe3 Kf8 19. Qd4 bxc4 20. bxc4 Rh6 21. Re3 Kg8 22. Rae1 Bf8 23. f3 Qc7 24. Bf1 Qc5 25. Qf4 Rg6 26. Bd3 Bxh3 27. Kh2 Bd7 28. Bxg6 fxg6 29. Bxf6 gxf6 30. Qxf6 Bf5 31. g4 hxg4 32. fxg4 Bg7 33. Re8+ Rxe8 34. Rxe8+ Kh7 35.
Qh4+ Bh6 36. gxf5 g5 37. Re7+ Kg8 38. Qe1 Qxc4 39. Qe6+ 1-0

[Event "Early-Titled-Tuesday-Blitz-April-16-2024"]
[Site "Chess.com"]
[Date "2024.04.16"]
[Round "8"]
[White "Nikolakis2014"]
[Black "TigrVShlyape"]
[Result "0-1"]
[WhiteElo "2732"]
[BlackElo "2930"]
[TimeControl "180+1"]
[EndTime "9:31:00 PDT"]
[Termination "TigrVShlyape won on time"]

1. Nf3 Nf6 2. c4 c6 3. d4 d5 4.
Nc3 a6 5. c5 Bf5 6. Bf4 Nbd7 7.
e3 e6 8. h3 Be7 9. Be2 O-O 10. b4 Re8 11. O-O Qc8 12. a4 b6 13.
Bd3 Bxd3 14. Qxd3 a5 15. Ne2 axb4 16. cxb6 Nxb6 17. Ne5 Nxa4 18. Rfc1 c5 19. Qb5 Qa6 20. Qxa6 Rxa6 21. dxc5 Nxc5 22. Nd4 Rxa1 23. Rxa1 Nfd7 24.
Nxd7 Nxd7 25. Ra7 Nc5 26. Nc6 Bf6 27. Bd6 Ne4 28. Bxb4 h5 29. g3 Rc8 30. Ra6 g5 31. g4 h4 32. Kg2 Kg7 33. Rb6 Ra8 34.
Ba5 Nd6 35. Bb4 Nc4 36. Rb7 Ra2 37. Kg1 Rb2 38. Rb8 Rc2 39. Bf8+ Kg6 40. Bb4 Nxe3 0-1

[Event "Early-Titled-Tuesday-Blitz-April-16-2024"]
[Site "Chess.com"]
[Date "2024.04.16"]
[Round "8"]
[White "PawnEatingZombie"]
[Black "masterofpuppets2"]
[Result "0-1"]
[WhiteElo "2257"]
[BlackElo "2472"]
[TimeControl "180+1"]
[EndTime "9:31:01 PDT"]
[Termination "masterofpuppets2 won on time"]

1. e4 e5 2. Nf3 Nc6 3. Nc3 Nf6 4.
Bb5 d6 5. O-O Bd7 6. d3 g6 7. h3 Bg7 8. Be3 O-O 9. Nh2 a6 10.
Bxc6 Bxc6 11. f4 exf4 12. Bxf4 Nh5 13. Bd2 Bd4+ 14. Rf2 Qh4 15. Qe2 Nf4 16. Qf3 Qxf2+ 17. Qxf2 Bxf2+ 18. Kxf2 Ne6 19. Ng4 f5 20. exf5 Rxf5+ 21. Kg1 Kg7 22. Bh6+ Kh8 23. Re1 Re8 24. b4 g5 25. a4 Kg8 26. b5 Bd7 27. Nd5 Kf7 28. c4 axb5 29. axb5 c6 30. bxc6 bxc6 31. Nde3 Rf4 32. g3 Rf3 33. Kg2 Nd4 34. Bxg5 Bxg4 35. hxg4 Kg6 36. Bf4 Ra8 0-1

[Event "Early-Titled-Tuesday-Blitz-April-16-2024"]
[Site "Chess.com"]
[Date "2024.04.16"]
[Round "8"]
[White "DenLaz"]
[Black "platy3"]
[Result "1-0"]
[WhiteElo "3112"]
[BlackElo "2907"]
[TimeControl "180+1"]
[EndTime "9:31:02 PDT"]
[Termination "DenLaz won on time"]

1. d4 Nf6 2. c4 e6 3. Nf3 d5 4. g3 dxc4 5. Bg2 a6 6. O-O Nc6 7. Bg5 Be7 8. e3 e5 9. Bxf6 Bxf6 10. d5 Ne7 11. Nc3 O-O 12. Nd2 Nf5 13. Nxc4 Nd6 14.
Qe2 g6 15. Rac1 Bg7 16. Nd2 f5 17. Rc2 e4 18. Rfc1 Bd7 19. Nb3 b6 20. Qd1 Be5 21. Ne2 Rc8 22. Nbd4 g5 23. b3 Kh8 24. Nc6 Bxc6 25. Rxc6 f4 26. exf4 gxf4 27. gxf4 Bxf4 28. Qd4+ Kg8 29. Nxf4 Rxf4 30. Bh3 Nf5 31. Qf6 Qxf6 32.
Rxf6 Rf8 33. Rxf8+ Kxf8 34. Rxc7 Nd6 35. Rxh7 Rf3 36. Be6 Rd3 37. Rd7 Nb5 38. Rb7 Nd4 39. Rxb6 Ne2+ 40. Kf1 Nf4 41. Bg4 Nxd5 42. Rxa6 Rc3 43.
Ra5 1-0

[Event "Early-Titled-Tuesday-Blitz-April-16-2024"]
[Site "Chess.com"]
[Date "2024.04.16"]
[Round "8"]
[White "Bulatova_Kamaliya"]
[Black "Gumugama"]
[Result "0-1"]
[WhiteElo "2376"]
[BlackElo "2265"]
[TimeControl "180+1"]
[EndTime "9:31:02 PDT"]
[Termination "Gumugama won by resignation"]

1. d4 Nf6 2. Nc3 d5 3. Bf4 g6 4. Nb5 Na6 5. e3 Bg7 6. h4 h5 7. c4 c6 8. Nc3 dxc4 9. Bxc4 b5 10. Be2 O-O 11. Nf3 Bf5 12. O-O Nb4 13. Ne5 Qb6 14. a3 Nbd5 15. Bg3 Nxc3 16. bxc3 Ne4 17.
Bf4 Nxc3 18. Qd2 Nxe2+ 19. Qxe2 c5 20. e4 Bc8 21. d5 a5 22. Rab1 b4 23. axb4 axb4 24.
Nc6 Ba6 25. Nxe7+ Kh7 26. Qf3 Bxf1 27. Rxf1 b3 28. e5 b2 29. Rb1 Ra1 30. Qd3 Rxb1+ 31. Qxb1 Ra8 32. Kh2 Ra1 33. Qe4 b1=Q 0-1

[Event "Early-Titled-Tuesday-Blitz-April-16-2024"]
[Site "Chess.com"]
[Date "2024.04.16"]
[Round "8"]
[White "Likvidator228"]
[Black "InitiatingASC"]
[Result "0-1"]
[WhiteElo "2529"]
[BlackElo "2377"]
[TimeControl "180+1"]
[EndTime "9:31:03 PDT"]
[Termination "InitiatingASC won by resignation"]

1. g4 h5 2. g5 e6 3. d4 b6 4. Bg2 c6 5. c4 d5 6. cxd5 exd5 7. Nc3 Bd6 8. h4 Ne7 9. Nh3 Ng6 10. Ng1 Nf4 11.
Bxf4 Bxf4 12. e3 Bd6 13. Nf3 Bg4 14. Bh3 Qd7 15. Bxg4 Qxg4 16. Nd2 Qxd1+ 17. Rxd1 Bb4 18. Rc1 O-O 19. a3 Bd6 20. f4 Re8 21. Kf2 g6 22. Nf3 Nd7 23. b4 b5 24. Ne5 Bxe5 25. dxe5 Nb6 26.
Ne2 Nc4 27. Nd4 Rec8 28. Rc3 a5 29. e6 axb4 30. exf7+ Kxf7 31. axb4 Ra2+ 32. Kg3 Ke7 33. Re1 Kd6 34. e4 dxe4 35. Rxe4 Kd5 36. Nb3 Kxe4 37.
Nc5+ Kf5 38. Rd3 Ra3 39. Rxa3 Nxa3 40. Nb7 Ke6 41. Kf3 Nc2 42. Ke4 Nxb4 43. Nc5+ Kd6 44. Nb3 Re8+ 45. Kd4 Nd5 46. f5 gxf5 47. Nc5 b4 48. g6 Rg8 49. Nb7+ Kc7 50. Nc5 Rxg6 0-1

[Event "Early-Titled-Tuesday-Blitz-April-16-2024"]
[Site "Chess.com"]
[Date "2024.04.16"]
[Round "8"]
[White "cristiano78"]
[Black "MrVenky"]
[Result "0-1"]
[WhiteElo "2280"]
[BlackElo "2532"]
[TimeControl "180+1"]
[EndTime "9:31:04 PDT"]
[Termination "MrVenky won by resignation"]

1. d4 Nf6 2. c4 g6 3. Nf3 Bg7 4. Nc3 d6 5. e4 O-O 6. Be2 Na6 7. O-O c6 8. Be3 Ng4 9. Bg5 h6 10. Bh4 g5 11. Bg3 c5 12. Rc1 cxd4 13. Nxd4 Ne5 14.
b3 Nc5 15. Kh1 Ned3 16. Bxd3 Bxd4 17. Nd5 Bg7 18. f4 e6 19. Ne3 gxf4 20. Bxf4 Qb6 21.
Bb1 Nd7 22. Qxd6 Qxd6 23. Bxd6 Re8 24. Ng4 h5 25. Nf2 b6 26. Nd3 Bb7 27. e5 Rad8 28. Rce1 Bf8 29. Bxf8 Nxf8 30. Nf4 Rd2 31. Nxh5 Bxg2+ 32. Kg1 Bxf1 33. Nf6+ Kh8 34. Nxe8 Bh3 35. Nd6 f5 36. Re3 Bg4 37. Bd3 f4 38. Re4 Rxd3 39. Rxf4 Bf5 40. Nxf5 exf5 41. Rxf5 Kg7 42. Rf6 Nd7 43.
Rd6 Nxe5 44. Rxd3 Nxd3 45. Kg2 Nc1 46. b4 Nxa2 47. c5 Nxb4 48. cxb6 a5 49. Kf2 a4 50.
Ke2 a3 51. Kd2 a2 0-1

[Event "Early-Titled-Tuesday-Blitz-April-16-2024"]
[Site "Chess.com"]
[Date "2024.04.16"]
[Round "8"]
[White "Elnaz_Kaliakhmet"]
[Black "BallottiLuca"]
[Result "1-0"]
[WhiteElo "2554"]
[BlackElo "2372"]
[TimeControl "180+1"]
[EndTime "9:31:04 PDT"]
[Termination "Elnaz_Kaliakhmet won by checkmate"]

1. d4 d5 2. c4 c6 3. Nf3 Nf6 4. Nc3 dxc4 5. a4 Bf5 6. e3 e6 7.
Bxc4 Bb4 8. O-O Nbd7 9. Qe2 Bg6 10. Rd1 O-O 11. Nh4 Bh5 12. Nf3 Qe7 13. e4 e5 14.
d5 Bxc3 15. bxc3 cxd5 16. Ba3 Qd8 17. Bxd5 Nxd5 18. Rxd5 Qc7 19. Bxf8 Nxf8 20. Rad1 Qxc3 21. Qd3 Qb4 22. Rxe5 Ne6 23. Rxh5 Qxa4 24. Rd5 h6 25. e5 Nf4 26. Rd8+ Rxd8 27. Qxd8+ Kh7 28. h3 b5 29. Kh2 b4 30. Qd4 Ne6 31. Qe4+ Kg8 32. Rc1 g6 33.
Rc8+ Kg7 34. Qa8 g5 35. Rg8+ Kh7 36. Rh8+ Kg6 37. Qe4+ Kg7 38. Qh7# 1-0

[Event "Early-Titled-Tuesday-Blitz-April-16-2024"]
[Site "Chess.com"]
[Date "2024.04.16"]
[Round "8"]
[White "kacperkarwowski"]
[Black "DarZay"]
[Result "1-0"]
[WhiteElo "2495"]
[BlackElo "2314"]
[TimeControl "180+1"]
[EndTime "9:31:04 PDT"]
[Termination "kacperkarwowski won by checkmate"]

1. e4 c5 2. Nf3 Nc6 3. a3 g6 4. Bc4 Bg7 5. c3 e6 6. Qe2 Nge7 7. e5 d5 8. exd6 Qxd6 9. O-O O-O 10. Ra2 e5 11. b4 cxb4 12. axb4 Bg4 13. h3 Bxf3 14. Qxf3 Kh8 15. b5 Nd8 16. Ba3 Qd7 17. Bc5 f5 18. Rxa7 Rxa7 19. Bxa7 e4 20. Qe3 Nd5 21. Bxd5 Qxd5 22.
Qc5 Qxc5 23. Bxc5 Re8 24. Na3 Ne6 25. Be3 Rd8 26. Nc4 Rd3 27. g3 Nc7 28. Ra1 h6 29. b6 Nd5 30. Ra7 g5 31. Rxb7 f4 32. gxf4 gxf4 33. Bc5 Rxh3 34. Rb8+ Kh7 35. b7 f3 36. Bd6 Bxc3 37. Rd8 Bxd2 38. b8=Q Nc3 39. Rh8+ Kg6 40. Qg8+ Kh5 41. Qf7+ Kh4 42. Be7+ Kg4 43.
Qe6+ Kf4 44. Qxh3 Ne2+ 45. Kh2 e3 46. Bd6+ Ke4 47. Qe6+ Kd3 48. Nxe3 Nd4 49. Qc4+ Ke4 50. Re8# 1-0

[Event "Early-Titled-Tuesday-Blitz-April-16-2024"]
[Site "Chess.com"]
[Date "2024.04.16"]
[Round "8"]
[White "viktorskliarov"]
[Black "Zarinur"]
[Result "1-0"]
[WhiteElo "2619"]
[BlackElo "2503"]
[TimeControl "180+1"]
[EndTime "9:31:06 PDT"]
[Termination "viktorskliarov won by resignation"]

1. e4 e5 2. Nc3 Nf6 3. Bc4 Nc6 4. d3 Na5 5. Nge2 Bc5 6. Ng3 d6 7. O-O h6 8. Bb3 Nxb3 9. axb3 O-O 10. Na4 Be6 11.
Nxc5 dxc5 12. Be3 b6 13. h3 a5 14. f4 exf4 15. Rxf4 Nd7 16. Qd2 Ne5 17. Raf1 Qe7 18.
Nh5 Rad8 19. Nxg7 Kxg7 20. Rf6 Qxf6 21. Rxf6 Kxf6 22. Bxh6 Nf3+ 23. gxf3 Rg8+ 24. Kf2 Ke7 25. Qf4 Kd7 26. Bg5 Rdf8 27. h4 Rh8 28. Qf6 Kc8 29.
Bf4 Rh7 30. Qe7 1-0

[Event "Early-Titled-Tuesday-Blitz-April-16-2024"]
[Site "Chess.com"]
[Date "2024.04.16"]
[Round "8"]
[White "RandomNoob04"]
[Black "JonSnowNW1"]
[Result "1-0"]
[WhiteElo "2667"]
[BlackElo "2536"]
[TimeControl "180+1"]
[EndTime "9:31:07 PDT"]
[Termination "RandomNoob04 won on time"]

1. e4 c5 2. d4 cxd4 3. c3 d3 4. Bxd3 Nc6 5. Nf3 g6 6. h3 Bg7 7. O-O d6 8. c4 Nf6 9. Nc3 O-O 10. Be3 Nd7 11. Qd2 Nc5 12. Bh6 e5 13. Bxg7 Kxg7 14. Rfd1 Ne6 15. Ne2 Qe7 16. Bc2 Rd8 17. Nc3 Ncd4 18. Nxd4 Nxd4 19. Ne2 Ne6 20. Qe3 Qh4 21.
Rd2 Ng5 22. Rad1 Be6 23. b3 Rac8 24. Rxd6 Rxd6 25. Rxd6 b5 26. c5 Qh5 27. c6 Bxh3 28.
gxh3 Nf3+ 29. Kg2 Ne1+ 30. Kf1 Nxc2 31. Qc3 Nd4 32. Nxd4 exd4 33. Qxd4+ Kh6 34. Qe3+ Kg7 35. e5 Qf5 36. e6 fxe6 37. Rxe6 Rf8 38. Re7+ Rf7 39.
Rxf7+ Kxf7 40. Qxa7+ Ke6 41. Qd7+ Ke5 42. Qxf5+ gxf5 43. c7 1-0

[Event "Early-Titled-Tuesday-Blitz-April-16-2024"]
[Site "Chess.com"]
[Date "2024.04.16"]
[Round "8"]
[White "osielchesslover2011"]
[Black "a-z30"]
[Result "1-0"]
[WhiteElo "2106"]
[BlackElo "2364"]
[TimeControl "180+1"]
[EndTime "9:31:07 PDT"]
[Termination "osielchesslover2011 won by resignation"]

1. e4 d6 2. d4 Nf6 3. Nc3 g6 4. f4 Bg7 5. Nf3 O-O 6. e5 dxe5 7. fxe5 Nd5 8. Bc4 Nxc3 9. bxc3 c5 10. O-O Bg4 11. Be3 Nc6 12. h3 Bxf3 13. Rxf3 cxd4 14.
cxd4 Rc8 15. Qf1 Nxd4 16. Rxf7 e6 17. Rxf8+ Qxf8 18. Bxd4 Qxf1+ 19. Bxf1 Rxc2 20. Rd1 a6 21. Bd3 Rc6 22. Be4 Rc7 23. Bb6 Rc4 24. Bd3 Ra4 25.
Bc2 Rb4 26. Rd8+ Kf7 27. Rd7+ Kg8 28. Bc7 Rc4 29. Bb3 Rc1+ 30. Kf2 Rc6 31. Bd6 b5 32. Bxe6+ 1-0

[Event "Early-Titled-Tuesday-Blitz-April-16-2024"]
[Site "Chess.com"]
[Date "2024.04.16"]
[Round "8"]
[White "YegoryoCh"]
[Black "ilqar_74"]
[Result "1-0"]
[WhiteElo "2585"]
[BlackElo "2764"]
[TimeControl "180+1"]
[EndTime "9:31:10 PDT"]
[Termination "YegoryoCh won by resignation"]

1. e4 c5 2. Nf3 d6 3. d4 cxd4 4.
Nxd4 Nf6 5. Nc3 e5 6. Nb3 Be7 7.
Bg5 Nbd7 8. Qd2 O-O 9. O-O-O a5 10. Bb5 a4 11. Na1 a3 12. Bxd7 axb2+ 13. Kxb2 Bxd7 14.
Bxf6 Bxf6 15. Qxd6 Be6 16. Qxd8 Bxd8 17. Nb3 Bb6 18.
f3 Bxb3 19. Kxb3 Rfc8 20. Rd5 f6 21. Nb5 Ra5 22. a4 Rca8 23. Ra1 Be3 24. Nc7 R8a7 25. Rxa5 Rxa5 26. Rd1 h5 27. Rd8+ Kh7 28. Nb5 Ra6 29.
Rd7 b6 30. Ra7 Rxa7 31. Nxa7 Kg6 32. Kc4 Kg5 33. Kb5 Kf4 34. Nc8 g6 35. Nxb6 Bxb6 36. Kxb6 f5 37. a5 fxe4 38. fxe4 Kxe4 39. a6 1-0

[Event "Early-Titled-Tuesday-Blitz-April-16-2024"]
[Site "Chess.com"]
[Date "2024.04.16"]
[Round "8"]
[White "NusratAlo"]
[Black "diamonds13"]
[Result "0-1"]
[WhiteElo "1904"]
[BlackElo "2338"]
[TimeControl "180+1"]
[EndTime "9:31:10 PDT"]
[Termination "diamonds13 won by resignation"]

1. e4 c5 2. Nf3 e6 3. d4 cxd4 4.
Nxd4 Nf6 5. Nc3 Nc6 6. Ndb5 Bb4 7. Nd6+ Ke7 8. Bf4 e5 9. Nf5+ Kf8 10. Bg5 d5 11. Bxf6 Qxf6 12. Qxd5 Bxf5 13. exf5 Rd8 14. Qe4 Rd4 15. Qe3 Qxf5 16. Be2 Re4 17. Qd3 Nd4 18.
O-O Bxc3 19. Bf3 Nxf3+ 20. gxf3 Qg5+ 21. Kh1 Rd4 22. Qxc3 g6 23. Rg1 Qh5 24. Rae1 Kg7 25. Rg2 Rhd8 26. Reg1 b5 27. a3 a5 28. Rg5 Qh4 29.
Qe3 f6 30. R5g4 Qh3 31. R4g3 Qf5 32. Rg4 Rd1 33. Qa7+ R8d7 34. Qxa5 Qxf3+ 35. Rg2 Rxg1+ 36. Kxg1 Rd1+ 0-1

[Event "Early-Titled-Tuesday-Blitz-April-16-2024"]
[Site "Chess.com"]
[Date "2024.04.16"]
[Round "8"]
[White "mariangie523"]
[Black "StelaSfw"]
[Result "1-0"]
[WhiteElo "2155"]
[BlackElo "1626"]
[TimeControl "180+1"]
[EndTime "9:31:12 PDT"]
[Termination "mariangie523 won on time"]

1. e4 c6 2. d4 d5 3. Nc3 dxe4 4. Nxe4 Bf5 5. Ng3 Bg6 6. Nf3 e6 7. h4 Nf6 8. Ne5 Nbd7 9. Nxg6 hxg6 10. Bg5 Qa5+ 11.
Bd2 Qb6 12. Bc3 O-O-O 13. Qd2 Nd5 14. O-O-O Nxc3 15. Qxc3 Nf6 16. Bc4 Nd5 17. Bxd5 exd5 18. Qf3 Qc7 19. h5 f6 20. hxg6 Bd6 21. Nf5 Bf4+ 22.
Kb1 Bg5 23. Qg4 Kb8 24. g3 Bh6 25. Nxh6 Rxh6 26. Rxh6 gxh6 27. Rh1 Qg7 28. f4 Rh8 29. f5 h5 30. Qf4+ Ka8 31. a3 a6 32. g4 h4 33. g5 fxg5 34. Qxg5 h3 35. f6 Qc7 36.
f7 h2 37. g7 Qxf7 38. gxh8=Q+ Ka7 39. Qxh2 Qd7 40. Qh3 1-0

[Event "Early-Titled-Tuesday-Blitz-April-16-2024"]
[Site "Chess.com"]
[Date "2024.04.16"]
[Round "8"]
[White "Levanzovsky"]
[Black "dmosesov"]
[Result "0-1"]
[WhiteElo "2500"]
[BlackElo "2633"]
[TimeControl "180+1"]
[EndTime "9:31:13 PDT"]
[Termination "dmosesov won by resignation"]

1. Nc3 Nf6 2. Nf3 d5 3. d3 Nc6 4. e4 dxe4 5. Nxe4 Bf5 6. Nxf6+ exf6 7. Be2 Qd7 8. Be3 O-O-O 9. Qd2 Kb8 10. O-O-O Nb4 11.
a3 Nd5 12. Nd4 Bg6 13. Bf3 Nxe3 14. fxe3 Bc5 15. Nb3 Bb6 16. Kb1 Rhe8 17. Rhe1 h5 18. Qb4 Qd6 19. Qxd6 Rxd6 20. e4 h4 21. Bg4 Rdd8 22.
Rf1 c5 23. Nd2 Bc7 24. h3 b5 25. b3 a6 26. Rde1 Bg3 27. Re2 Kc7 28. Rf3 Kc6 29.
Nf1 Be5 30. Ne3 Bd4 31. Nd5 Kb7 32. Rd2 Rxd5 0-1

[Event "Early-Titled-Tuesday-Blitz-April-16-2024"]
[Site "Chess.com"]
[Date "2024.04.16"]
[Round "8"]
[White "campochess"]
[Black "Fernando_Offermann"]
[Result "0-1"]
[WhiteElo "2226"]
[BlackElo "2452"]
[TimeControl "180+1"]
[EndTime "9:31:13 PDT"]
[Termination "Fernando_Offermann won on time"]

1. e4 c5 2. b4 cxb4 3. d4 d5 4. exd5 Nf6 5. c4 bxc3 6. Nxc3 Nxd5 7. Bb5+ Nc6 8. Bxc6+ bxc6 9. Bd2 g6 10. Nf3 Bg7 11.
O-O O-O 12. Qa4 Bd7 13. Qa3 Nb6 14. Bg5 Re8 15. Rfe1 Bf8 16. Re2 f6 17. Bf4 Bg4 18. Rd2 e5 19. Qb3+ Be6 20. d5 Nxd5 21. Be3 Qa5 22.
Ne4 Be7 23. Rc1 Nxe3 24. Qxe3 Bd5 25. Nc3 Rad8 26. Rcd1 Bb4 27. Nxd5 cxd5 28. Rxd5 Rxd5 29. Qb3 Rd8 30. h4 Kg7 31. Rb1 Be7 32. h5 gxh5 33. Nh4 e4 34. g3 f5 35. Ng2 Rd3 36. Qb7 R8d7 37. Qc6 Qd5 38. Qc8 Rd1+ 39. Rxd1 Qxd1+ 40. Kh2 Bg5 41. Qe8 Qd5 42. Qxh5 h6 43. Qe2 Qd3 44. Qh5 Qf3 45. Qe8 Rf7 46. Qe5+ Kg6 47. Qd6+ Rf6 48.
Qe7 Qh5+ 49. Kg1 Qd1+ 50. Kh2 Qd6 51. Qe8+ Kg7 0-1

[Event "Early-Titled-Tuesday-Blitz-April-16-2024"]
[Site "Chess.com"]
[Date "2024.04.16"]
[Round "8"]
[White "ReinisUz"]
[Black "Mikhail_Golubev"]
[Result "0-1"]
[WhiteElo "2379"]
[BlackElo "2601"]
[TimeControl "180+1"]
[EndTime "9:31:15 PDT"]
[Termination "Mikhail_Golubev won by resignation"]

1. c4 g6 2. Nc3 Bg7 3. g3 e5 4. Bg2 d6 5. e4 Nc6 6. Nge2 Nd4 7. O-O Ne7 8. d3 Nxe2+ 9. Qxe2 O-O 10. f4 f5 11.
fxe5 dxe5 12. exf5 Nxf5 13. Be3 e4 14. Rxf5 Bxf5 15. dxe4 Be6 16. Rd1 Qe8 17. Bc5 Rf7 18.
Nd5 Be5 19. Bd4 Bxd5 20. cxd5 Bxd4+ 21. Rxd4 Qe5 22. Qc4 Raf8 23. Rd2 Kg7 24. Qc3 Qxc3 25. bxc3 Kf6 26. Kf2 Ke5+ 27. Ke3 Rd8 28. c4 c5 29. a4 Rd6 30. a5 Ra6 31. Ra2 b6 32. Bh3 Rxa5 33.
Rd2 Rf6 34. Rd3 Ra4 35. Bd7 Rxc4 36. Be6 Rxe4+ 37. Kd2 Rd4 38. Rxd4 cxd4 39. Kd3 Rxe6 40. dxe6 Kxe6 41. Kxd4 0-1

[Event "Early-Titled-Tuesday-Blitz-April-16-2024"]
[Site "Chess.com"]
[Date "2024.04.16"]
[Round "8"]
[White "ccccvhhhj"]
[Black "gau248"]
[Result "1/2-1/2"]
[WhiteElo "2446"]
[BlackElo "2570"]
[TimeControl "180+1"]
[EndTime "9:31:15 PDT"]
[Termination "Game drawn - insufficient material"]

1. e4 c5 2. Nf3 d6 3. d4 cxd4 4. Nxd4 Nf6 5. Nc3 g6 6. Be3 Bg7 7. f3 O-O 8. Qd2 Nc6 9. g4 Nxd4 10. Bxd4 Be6 11. h4 Qa5 12. h5 Rfc8 13. hxg6 fxg6 14.
g5 Nh5 15. Bxg7 Kxg7 16. Bh3 Bxh3 17. Rxh3 Qe5 18. O-O-O Rc5 19. Rdh1 Rac8 20. f4 Qe6 21. Qd4+ Kg8 22. Kb1 Rc4 23. Qd2 b5 24. f5 Qe5 25.
fxg6 hxg6 26. a3 a5 27. Qd5+ Qxd5 28. Nxd5 Rxe4 29. Re3 Rxe3 30. Nxe3 Rc5 31. Rg1 Re5 32. Nd1 Nf4 33. Nc3 Ne2 34. Nxe2 Rxe2 35. b3 b4 36. axb4 axb4 37. Rg4 Re5 38. Rxb4 Rxg5 39. Re4 Kf7 40. b4 Rb5 41. Kb2 d5 42. Rf4+ Ke6 43. Kb3 g5 44. Rf8 Ke5 45. c4 dxc4+ 46. Kxc4 Rb7 47. b5 Ke4 48. Kc5 e5 49. Kc6 Rg7 50. b6 g4 51.
b7 Rxb7 52. Kxb7 g3 53. Kc6 g2 54. Rg8 Kf3 55. Kd5 e4 56. Rxg2 Kxg2 57. Kxe4 1/2-1/2

[Event "Early-Titled-Tuesday-Blitz-April-16-2024"]
[Site "Chess.com"]
[Date "2024.04.16"]
[Round "8"]
[White "Schattman"]
[Black "Statham_01"]
[Result "0-1"]
[WhiteElo "2494"]
[BlackElo "2614"]
[TimeControl "180+1"]
[EndTime "9:31:17 PDT"]
[Termination "Statham_01 won on time"]

1. f4 e5 2. fxe5 d6 3. exd6 Bxd6 4. Nf3 Bg4 5. e4 Nc6 6. c3 Ne5 7. d4 Bxf3 8. gxf3 Qh4+ 9. Kd2 O-O-O 10. Kc2 f5 11. dxe5 Bxe5 12. Qe2 Nf6 13. Bg2 fxe4 14. fxe4 Rhf8 15. Qe1 Qh5 16. Rf1 Bxh2 17. Be3 Ng4 18. Nd2 Kb8 19. Bf3 Qb5 20. Qe2 Qxe2 21. Bxe2 Nxe3+ 22. Kb3 Nxf1 23. Nxf1 Bf4 24. Bc4 c6 25. a4 h5 26. a5 h4 27. a6 b5 28.
Be6 g5 29. Bf5 Kc7 30. c4 Rd3+ 31. Kc2 bxc4 32. Ra4 Rf3 33. Rxc4 Rf2+ 34. Kb3 Rb8+ 0-1

[Event "Early-Titled-Tuesday-Blitz-April-16-2024"]
[Site "Chess.com"]
[Date "2024.04.16"]
[Round "8"]
[White "DvaHrasta"]
[Black "Burgsvik"]
[Result "1-0"]
[WhiteElo "2474"]
[BlackElo "2262"]
[TimeControl "180+1"]
[EndTime "9:31:17 PDT"]
[Termination "DvaHrasta won on time"]

1. c4 c5 2. g3 Nc6 3. Bg2 d6 4.
Nc3 Be6 5. b3 Qc8 6. e3 g6 7. d4 cxd4 8. exd4 Bg4 9. f3 Bf5 10. g4 Bd7 11. Bb2 Bg7 12. Nge2 h5 13. h3 hxg4 14. fxg4 Bxg4 15. hxg4 Rxh1+ 16. Bxh1 Qxg4 17.
Bxc6+ bxc6 18. Qd3 Bh6 19. Qe4 Qd7 20. d5 Rc8 21. dxc6 Rxc6 22. Nd5 Rc5 23. Bd4 Rc8 24. Be3 f5 25. Qd4 e5 26. Qh4 f4 27. Bd2 g5 28.
Qh5+ Qf7 29. Qh3 Rd8 30. Nec3 Qg6 31. O-O-O g4 32. Qh4 Qg5 33. Qf2 g3 34. Qxa7 Ne7 35.
Ne4 Qh4 36. Nef6+ Kf7 37. Qxe7+ Kg6 38. Qxd8 g2 39. Qg8+ Bg7 40. Ne8 Qh6 41. Ne7+ 1-0

[Event "Early-Titled-Tuesday-Blitz-April-16-2024"]
[Site "Chess.com"]
[Date "2024.04.16"]
[Round "8"]
[White "aljado"]
[Black "Misterfox120"]
[Result "0-1"]
[WhiteElo "2145"]
[BlackElo "2385"]
[TimeControl "180+1"]
[EndTime "9:31:17 PDT"]
[Termination "Misterfox120 won by checkmate"]

1. e4 Nf6 2. e5 Nd5 3. d4 d6 4. c4 Nb6 5. f4 dxe5 6. fxe5 Bf5 7. Nc3 e6 8. Nf3 Nc6 9. Be2 Bb4 10. O-O O-O 11. Be3 Na5 12. c5 Nbc4 13. Bg5 f6 14. exf6 gxf6 15. Bh6 Nxb2 16. Qc1 Nd3 17. Bxd3 Bxd3 18. Rd1 Bg6 19. Bxf8 Qxf8 20. Qb2 Nc6 21. a3 Bxc3 22. Qxc3 Rd8 23. Qe3 Qf7 24. Nh4 Rd5 25. Nxg6 hxg6 26. Ra2 e5 27. Re2 Nxd4 28.
Red2 Rxc5 29. Qe4 c6 30. Rd3 Kg7 31. Rh3 Qd5 32. Qg4 f5 33. Qh4 Nf3+ 34. gxf3 Qxd1+ 35. Kg2 Rc2+ 36. Kg3 Qg1# 0-1

[Event "Early-Titled-Tuesday-Blitz-April-16-2024"]
[Site "Chess.com"]
[Date "2024.04.16"]
[Round "8"]
[White "MatthewG-p4p"]
[Black "tetrix83"]
[Result "1-0"]
[WhiteElo "2857"]
[BlackElo "2631"]
[TimeControl "180+1"]
[EndTime "9:31:18 PDT"]
[Termination "MatthewG-p4p won on time"]

1. f4 c5 2. Nf3 g6 3. g3 Bg7 4. Bg2 Nc6 5. O-O Nf6 6. d3 d5 7. Nc3 O-O 8. e4 e6 9. e5 Nd7 10. Nb5 b6 11. Re1 Rb8 12. Nd6 Ba6 13. c4 Qc7 14.
Qa4 Bb7 15. Bd2 Ba8 16. cxd5 exd5 17. Rac1 a5 18. Ng5 Nb4 19. Bxb4 axb4 20. Ngxf7 b5 21. Nxb5 Qc6 22. Nfd6 Rb6 23. e6 Nf6 24. e7 Rfb8 25. e8=Q+ Nxe8 26. Nxe8 Qxb5 27. Qxb5 Rxb5 28. Nc7 R5b6 29.
Nxa8 c4 30. Bxd5+ 1-0